 Dungeon Crawl Stone Soup version 0.28.0 (webtiles) character file.

Game seed: 17873240234416247283

33 mopl the Sneak (level 3, -5/25 HPs)
             Began as an Octopode Brigand on Feb 14, 2022.
             Slain by an orange demon (12 damage)
             ... created by the fury of Makhleb
             ... on level 2 of the Dungeon.
             The game lasted 00:01:32 (1093 turns).

mopl the Sneak (Octopode Brigand)                   Turns: 1093, Time: 00:01:33

Health: -5/25      AC:  1    Str: 10    XL:     3   Next: 29%
Magic:  3/3        EV: 13    Int: 13    God:
Gold:   32         SH:  0    Dex: 15    Spells: 2/2 levels left

rFire   . . .      SeeInvis .   a - +2 dagger
rCold   . . .      Faith    .   (no shield)
rNeg    . . .      Spirit   .   (helmet restricted)
rPois   .          Reflect  .   (no amulet)
rElec   .          Harm     .   (no ring)
rCorr   .          Rampage  .   (no ring)
Will    .....                   (no ring)
Stlth   ++........              (no ring)
HPRegen 0.08/turn               (no ring)
MPRegen 0.08/turn               (no ring)
                                (no ring)
                                (no ring)

@: confused
A: almost no armour, amphibious, 8 rings, camouflage 1, gelatinous body 1,
(nimble swimmer 1), tentacles
a: no special abilities


You were on level 2 of the Dungeon.
You visited 1 branch of the dungeon, and saw 2 of its levels.

You collected 32 gold pieces.

Inventory:

Hand Weapons
 a - a +2 dagger (weapon)
 b - a +0 hunting sling
Missiles
 c - 2 curare-tipped darts
 d - 3 boomerangs
 f - 8 poisoned darts (quivered)
 g - 2 stones
 i - 17 sling bullets
Scrolls
 e - 4 scrolls of identify {unknown}
 h - a scroll of vulnerability {unknown}
Potions
 j - 2 potions of lignification {unknown}


   Skills:
 + Level 2.4 Fighting
 - Level 2.0 Short Blades
 + Level 2.4 Throwing
 + Level 1.7 Dodging
 + Level 5.8 Stealth


You had 2 spell levels left.
You didn't know any spells.
Your spell library was empty.

Dungeon Overview and Level Annotations

Branches:
Dungeon (2/15)

Altars:
Makhleb


Innate Abilities, Weirdness & Mutations

You cannot wear most types of armour.
You are amphibious.
You can wear up to eight rings at the same time.
Your skin changes colour to match your surroundings (Stealth+).
Your rubbery body absorbs attacks. (AC +1, EV +1)
((You are camouflaged when in or above water. (Stealth+)))
You have tentacles for arms and can constrict up to eight enemies at once.


Message History

You hit the kobold but do no damage. You squeeze the kobold.
You kill the kobold!
You have reached level 3!
Your experience leads to an increase in your attributes!
Increase (S)trength, (I)ntelligence, or (D)exterity?
You feel agile. x2
You climb downwards.
The adder closely misses you. The adder bites you.
You are poisoned.
The adder poisons you!
There is a stone staircase leading up, spattered with blood here.
You barely miss the adder. Your grab misses the adder.
Your squeeze misses the adder.
You feel sick. The adder barely misses you.
You closely miss the adder. Your grab misses the adder.
You feel sick. The adder bites you. x2
You are more poisoned.
The adder poisons you!
You barely miss the adder. You grab the adder. You squeeze the adder.
The adder is lightly wounded.
You constrict the adder.
You feel sick. The adder bites you.
You are too injured to fight recklessly!
You are too injured to fight recklessly!
You barely miss the adder. You squeeze the adder.
The adder is severely wounded.
You constrict the adder.
You feel sick. The adder bites you.
* * * LOW HITPOINT WARNING * * *
You hit the adder.
The adder is almost dead.
You constrict the adder.
You kill the adder!
You feel sick.
Unknown command.
You start resting.
You feel sick. x5
You are no longer poisoned.
You start resting.
Makhleb sends a minion to punish you. The divine experience confuses you!
You are confused.
An orange demon comes into view.
You bump into the rock wall.
The orange demon stings you from afar!
You die...

###########
#.........#
###.........#
........รท...+
##.........###
#............#
#...@......#.#
.......#<4....#.#
####.#.######.#.#
..
#........#.####.#
...
[.......K........
#.
#######.##.####..
. #........#
#.###S########
#..........#


You could see an orange demon.

Vanquished Creatures
  An adder (D:2)
  A dart slug (D:1)
  5 bats (D:1)
  2 endoplasms
  A giant cockroach (D:1)
  A hobgoblin (D:1)
  4 kobolds (D:1)
  A quokka (D:2)
  3 ball pythons
  2 frilled lizards (D:1)
  A rat (D:1)
22 creatures vanquished.

Notes
Turn   | Place    | Note
-------+----------+-------------------------------------------
     0 | D:1      | mopl the Octopode Brigand began the quest for the Orb.
     0 | D:1      | Reached XP level 1. HP: 14/14 MP: 1/1
   355 | D:1      | Reached XP level 2. HP: 19/19 MP: 2/2
   755 | D:1      | Found a faded altar of an unknown god.
   765 | D:1      | Prayed at the altar of an unknown god.
   765 | D:1      | Became a worshipper of Makhleb the Destroyer
   765 | D:1      | Reached * piety under Makhleb
   766 | D:1      | Fell from the grace of Makhleb
  1021 | D:1      | Reached XP level 3. HP: 25/25 MP: 3/3
  1092 | D:2      | Noticed an orange demon
  1093 | D:2      | Slain by an orange demon

Illustrated notes

Levels and vault maps discovered:
D:1:      tarquinn_simple_flora_water_f, layout_basic,
          shapermc_ecumenical_altar_starsandcircs, eino_curves_01
D:2:      layout_basic

Action                   || total
-------------------------++-------
Melee: Dagger            ||    42
       Constrict         ||    10
       Tentacles         ||     8
Invok: Renounce Religion ||     1
 Stab: Sleeping          ||    10
Armor: Skin              ||     6
Dodge: Dodged            ||    28
